 Dungeon Crawl Stone Soup version 0.22-a0-179-gb5258fd (webtiles) character file.

30 wolfsongas the Magician (level 3, 0/38 HPs)
             Began as a Gnoll Wanderer on Feb 13, 2018.
             Was an Initiate of the Shining One.
             Succumbed to an adder's poison
             ... on level 2 of the Dungeon.
             The game lasted 00:02:15 (726 turns).

wolfsongas the Magician (Gnoll Wanderer)             Turns: 726, Time: 00:02:16

Health: 0/38       AC:  2    Str: 18    XL:     3   Next: 20%
Magic:  11/11      EV: 12    Int: 12    God:    the Shining One [......]
Gold:   45         SH:  5    Dex: 13    Spells: 16/16 levels left

rFire    . . .     SeeInvis .   e - -2 hand axe (curse)
rCold    . . .     Gourm    .   c - +1 buckler
rNeg     . . .     Faith    .   d - +0 robe
rPois    .         Spirit   .   (no helmet)
rElec    .         Reflect  .   (no cloak)
rCorr    .         Harm     .   (no gloves)
MR       .....     Clarity  +   (no boots)
Stlth    +.........             (no amulet)
HPRegen  0.12/turn              (no ring)
MPRegen  0.12/turn              (no ring)

@: lethally poisoned (0 -> -6), glowing
A: distributed training, fangs 1, hooves 1, clarity, robust 1, strong nose
a: Renounce Religion


You were on level 2 of the Dungeon.
You worshipped the Shining One.
The Shining One was noncommittal.
You were not hungry.

You visited 1 branch of the dungeon, and saw 2 of its levels.

You collected 45 gold pieces.

Inventory:

Hand Weapons
 a - a +2 spear
 e - a cursed -2 hand axe (weapon)
Armour
 c - a +1 buckler (worn)
 d - a +0 robe (worn)
Potions
 h - a potion of agility
Books
 b - the Almanac of Moulding

   Spells                             Type                      Level
   a - Sticks to Snakes               Transmutation                2
   b - Passwall                       Transmutation/Earth          2
Comestibles
 f - a ration
 g - a chunk of flesh


   Skills:
 + Level 6.5 Fighting
 + Level 0.6 Short Blades
 + Level 0.6 Long Blades
 + Level 0.6 Axes
 + Level 0.6 Maces & Flails
 + Level 0.6 Polearms
 + Level 0.6 Staves
 + Level 0.6 Slings
 + Level 0.6 Bows
 + Level 0.6 Crossbows
 + Level 0.6 Throwing
 + Level 0.6 Armour
 + Level 2.5 Dodging
 + Level 2.3 Stealth
 + Level 2.5 Shields
 + Level 0.6 Unarmed Combat
 + Level 7.1 Spellcasting
 + Level 0.4 Conjurations
 + Level 0.4 Hexes
 + Level 0.4 Charms
 + Level 0.4 Summonings
 + Level 0.4 Necromancy
 + Level 0.4 Translocations
 + Level 0.4 Transmutations
 + Level 0.4 Fire Magic
 + Level 0.4 Ice Magic
 + Level 0.4 Air Magic
 + Level 0.4 Earth Magic
 + Level 0.4 Poison Magic
 + Level 0.8 Invocations
 + Level 2.5 Evocations


You had 16 spell levels left.
You didn't know any spells.

Dungeon Overview and Level Annotations

Branches:
Dungeon (2/15)

Altars:
Ashenzari
The Shining One


Innate Abilities, Weirdness & Mutations

Your experience applies equally to all skills.
You have very sharp teeth.
Your uncanny sense of smell can sniff out nearby items.
You have large cloven feet.
You possess an exceptional clarity of mind.
You are robust. (+10% HP)


Message History

The adder bites you.
* * * LOW HITPOINT WARNING * * *
You are poisoned.
The adder poisons you!
You closely miss the adder. You bite the adder.
The adder is moderately wounded.
* * * LOW HITPOINT WARNING * * *
You feel sick. The adder bites you.
* * * LOW HITPOINT WARNING * * *
You are more poisoned.
The adder poisons you! The adder closely misses you.
You miss the adder.
The adder is moderately wounded.
* * * LOW HITPOINT WARNING * * *
You feel sick. The adder barely misses you.
A bat comes into view.
Okay, then.
It was a potion of mutation.
You feel extremely strange.
You feel robust.
Your thoughts seem clearer.
Your feet thicken and deform.
You die...

b........
........#
........#
........#
......(.#
.....w..#
......†$+
......S@##+######
.#######<........
#.........
#.........
#.........
##.(......
#...###### ∆∆
#....## ##....##


You could see a worm, an adder and a bat.

Vanquished Creatures
  3 dart slugs
  3 leopard geckos
  A bat (D:1)
  3 goblins
  2 hobgoblins
  3 kobolds
  A frilled lizard (D:1)
  5 rats (D:1)
21 creatures vanquished.

Notes
Turn   | Place    | Note
-------+----------+-------------------------------------------
     0 | D:1      | wolfsongas the Gnoll Wanderer began the quest for the Orb.
     0 | D:1      | wolfsongas set off with: a +2 spear, the Almanac of Moulding, a +0 buckler, a +0 robe, a ration
     0 | D:1      | Reached XP level 1. HP: 23/23 MP: 8/8
     0 | D:1      | Identified the Almanac of Moulding
   147 | D:1      | Found a shattered altar of Ashenzari.
   214 | D:1      | Reached XP level 2. HP: 29/29 MP: 10/10
   667 | D:2      | Found a glowing golden altar of the Shining One.
   680 | D:2      | Became a worshipper of the Shining One
   698 | D:2      | Reached XP level 3. HP: 31/35 MP: 11/11
   725 | D:2      | HP: 1/35 [poisoned by an adder]
   726 | D:2      | Gained mutation: You are robust. (+10% HP) [potion of mutation]
   726 | D:2      | Gained mutation: You possess an exceptional clarity of mind. [potion of mutation]
   726 | D:2      | Gained mutation: You have large cloven feet. [potion of mutation]
   726 | D:2      | Succumbed to an adder's poison

Vault maps used:
D:1:      minmay_arrival_widening_spiral_narrow, nicolae_ashenzari_panopticon
D:2:      nicolae_ru_great_annihilating_truth, nicolae_tso_carved_into_rock

Action                   || total
-------------------------++-------
Melee: Spear             ||    23
       Bite              ||     8
       Hand axe          ||    45
  Use: Scroll            ||     2
       Potion            ||     1
 Stab: Sleeping          ||     4
Armor: Robe              ||     8
Dodge: Dodged            ||    35
Block: Buckler           ||    17

Table legend:
 A = Spawn XP
 B = Non-spawn XP
 C = Spawn XP percentage of total XP
 D = Spawn monster count
 E = Non-spawn monster count
 F = Spawn count percentage of total count
 G = Total turns spent on level
                    A         B        C        D         E        F      G
               +---------+---------+-------+---------+---------+-------+---------
         Total |       0 |      44 |   0.0 |       0 |      21 |   0.0 |   726
               +---------+---------+-------+---------+---------+-------+---------
           D:1 |       0 |      26 |   0.0 |       0 |      14 |   0.0 |   632
           D:2 |       0 |      18 |   0.0 |       0 |       7 |   0.0 |    94
               +---------+---------+-------+---------+---------+-------+---------
